 Dungeon Crawl Stone Soup version 0.22.1-1-ga44c0e56f4 (webtiles) character file.

5235 KleinerIrrer the Cleaver (level 10, 0/71 HPs)
             Began as an Octopode Fighter on Oct 18, 2018.
             Was a Priest of Cheibriados.
             Slain by a five-headed hydra (6 damage)
             ... on level 1 of the Lair of Beasts.
             The game lasted 00:04:31 (9324 turns).

KleinerIrrer the Cleaver (Octopode Fighter)         Turns: 9324, Time: 00:04:32

Health: 0/71       AC:  4    Str: 23    XL:     10   Next: 61%
Magic:  0/10       EV: 18    Int: 18    God:    Cheibriados [***...]
Gold:   198        SH: 12    Dex: 24    Spells: 9/9 levels left

rFire    . . .     SeeInvis +   i - +0 morningstar
rCold    . . .     Gourm    .   a - +0 shield
rNeg     . . .     Faith    .   (helmet restricted)
rPois    .         Spirit   +   r - amulet of guardian spirit
rElec    .         Reflect  .   f - ring of see invisible
rCorr    .         Harm     .   h - ring of protection from magic
MR       +....                  p - +3 ring of protection
Stlth    +++.......             (no ring)
HPRegen  0.21/turn              (no ring)
MPRegen  0.12/turn              (no ring)
                                (no ring)
                                (no ring)

@: very slow
A: almost no armour, stealthy swim, amphibious, 8 rings, constrict 8, camouflage
1, gelatinous body 1
a: Bend Time, Temporal Distortion, Renounce Religion


You were on level 1 of the Lair of Beasts.
You worshipped Cheibriados.
Cheibriados was most pleased with you.
You were hungry.

You visited 3 branches of the dungeon, and saw 10 of its levels.

You collected 293 gold pieces.
You spent 95 gold pieces at shops.


Innate Abilities, Weirdness & Mutations

You cannot wear most types of armour.
You are very stealthy in the water. (Stealth+)
You are amphibious.
You can wear up to eight rings at the same time.
You can use your tentacles to constrict eight enemies at once.
Your skin changes colour to match your surroundings (Stealth+).
Your rubbery body absorbs attacks. (AC +1, EV +1)


   Skills:
 - Level 7.0 Fighting
 - Level 11.0 Axes
 - Level 7.1 Dodging
 + Level 6.4 Shields
 - Level 2.0 Unarmed Combat


You had 9 spell levels left.
You didn't know any spells.
Your spell library was empty.

Inventory:

Hand Weapons
 i - a +0 morningstar (weapon)
 Y - a +1 war axe
Armour
 a - a +0 shield (worn)
Jewellery
 f - a ring of see invisible (left tentacle)
 h - a ring of protection from magic (right tentacle)
 n - an uncursed amulet of regeneration
 p - a +3 ring of protection (on tentacle)
 r - an amulet of guardian spirit (around mantle)
Wands
 k - a wand of random effects (3)
Scrolls
 c - 7 scrolls of remove curse
 g - 2 scrolls of identify
 j - 3 scrolls of enchant armour
 o - 2 scrolls of teleportation
 q - a scroll of summoning {unknown}
Potions
 b - 3 potions of might
 d - 4 potions of curing
 l - a potion of haste
 m - 3 potions of cancellation
Comestibles
 e - 15 rations

Dungeon Overview and Level Annotations

Branches:
Dungeon (8/15)             Temple (1/1) D:4            Lair (1/6) D:8

Altars:
Ashenzari
Cheibriados
Dithmenos
Elyvilon
Fedhas
Hepliaklqana
Kikubaaqudgha
Makhleb
Nemelex Xobeh
Okawaru
Qazlal
Ru
Sif Muna
Trog
Uskayaw
Vehumet
Wu Jian
Xom
Yredelemnul
Zin
The Shining One

Shops:
D:4 ?   D:6 =


Message History

An adder comes into view.
The adder bites the plant but does no damage.
The wolf spider hits the plant.
The plant is destroyed!
The basilisk bites the plant.
The komodo dragon barely misses you.
The adder hisses angrily.
You puncture the komodo dragon!
You tentacle-slap the komodo dragon, but do no damage.
You squeeze the komodo dragon.
The komodo dragon is almost dead.
The basilisk bites the plant!
The komodo dragon barely misses you.
You closely miss the komodo dragon. You squeeze the komodo dragon.
You kill the komodo dragon!
Cheibriados thoroughly appreciates the change of pace.
The adder bites the plant.
You barely miss the five-headed hydra. You squeeze the five-headed hydra.
The five-headed hydra is lightly wounded.
The five-headed hydra bites you! The five-headed hydra bites you.
The five-headed hydra bites you!
You die...

......######............
........................
..............P#.#######
#.#.#.#....P#..###
########P#####.## ###
#..## #...# ##..# ##@#
#.D#


P.PlS ##SPPsS. #.PPSS... #..PS.... ....PPPP. ....PPPP. You could see a
five-headed hydra, a wolf spider, a basilisk and 6 adders.

Vanquished Creatures
  Pikel (D:7)
  Joseph (D:8)
  3 spiny frogs (Lair:1)
  3 komodo dragons
  Prince Ribbit (D:8)
  Duvessa (D:4)
  2 water moccasins
  2 phantoms (D:8)
  5 ogres
  2 centaurs
  3 bullfrogs
  Dowan (D:4)
  A scorpion (D:5)
  4 killer bees (D:7)
  A howler monkey (D:6)
  2 crimson imps
  A jelly (D:8)
  A hound (D:8)
  6 orc priests
  9 orc wizards
  2 iguanas
  8 worker ants
  A hound zombie (D:8)
  A hound skeleton (D:4)
  A worker ant zombie (D:5)
  6 adders
  3 gnolls
  A howler monkey skeleton (D:4)
  2 shadow imps
  3 oozes
  An adder skeleton (D:6)
  2 adder zombies
  5 worms
  A dart slug (D:4)
  7 leopard geckos
  24 orcs
  5 giant cockroaches
  3 goblins
  5 hobgoblins
  9 jackals
  5 quokkas
  A ball python (D:1)
  6 bats
  6 frilled lizards
  2 kobolds
  A leopard gecko skeleton (D:5)
  A quokka skeleton (D:4)
  4 rats
  2 plants (D:8)
168 creatures vanquished.

Vanquished Creatures (others)
  A hungry ghost (D:7)
  2 slaves (D:7)
  An orc priest (D:7)
  2 orcs (D:7)
  2 fungi (Lair:1)
  7 plants
15 creatures vanquished.

Grand Total: 183 creatures vanquished

Notes
Turn   | Place    | Note
-------+----------+-------------------------------------------
     0 | D:1      | KleinerIrrer the Octopode Fighter began the quest for the
                  | Orb.
     0 | D:1      | Reached XP level 1. HP: 16/16 MP: 1/1
     0 | D:1      | 0 ||| counter = 1
    64 | D:1      | 64 ||| Wielding weapon spear.
   248 | D:1      | Reached XP level 2. HP: 16/21 MP: 2/2
   926 | D:1      | 926 ||| READING 2 scrolls labeled NINAM IHUDIOM.
   927 | D:1      | 927 ||| READING scroll labeled KAMETHREYJE.
   928 | D:1      | 928 ||| READING scroll labeled FIACUE ADEECI.
   932 | D:1      | 932 ||| READING scroll labeled MIMNAB CIOC.
   933 | D:1      | 933 ||| DRINKING 2 ruby potions.
   934 | D:1      | 934 ||| DRINKING 2 cyan potions.
  1054 | D:2      | Found a deep blue altar of Sif Muna.
  1133 | D:2      | 1133 ||| Stepping ~*~*~tactically~*~*~ (reaching).
  1135 | D:2      | 1135 ||| Stepping ~*~*~tactically~*~*~ (reaching).
  1136 | D:2      | 1136 ||| Stepping ~*~*~tactically~*~*~ (reaching).
  1138 | D:2      | 1138 ||| Stepping ~*~*~tactically~*~*~ (reaching).
  1140 | D:2      | 1140 ||| Stepping ~*~*~tactically~*~*~ (reaching).
  1141 | D:2      | 1141 ||| Stepping ~*~*~tactically~*~*~ (reaching).
  1143 | D:2      | 1143 ||| Stepping ~*~*~tactically~*~*~ (reaching).
  1144 | D:2      | 1144 ||| Stepping ~*~*~tactically~*~*~ (reaching).
  1146 | D:2      | 1146 ||| Stepping ~*~*~tactically~*~*~ (reaching).
  1148 | D:2      | 1148 ||| Stepping ~*~*~tactically~*~*~ (reaching).
  1149 | D:2      | 1149 ||| Stepping ~*~*~tactically~*~*~ (reaching).
  1151 | D:2      | 1151 ||| Stepping ~*~*~tactically~*~*~ (reaching).
  1152 | D:2      | 1152 ||| Stepping ~*~*~tactically~*~*~ (reaching).
  1154 | D:2      | 1154 ||| Stepping ~*~*~tactically~*~*~ (reaching).
  1155 | D:2      | 1155 ||| Stepping ~*~*~tactically~*~*~ (reaching).
  1157 | D:2      | 1157 ||| Stepping ~*~*~tactically~*~*~ (reaching).
  1159 | D:2      | 1159 ||| Stepping ~*~*~tactically~*~*~ (reaching).
  1160 | D:2      | 1160 ||| Stepping ~*~*~tactically~*~*~ (reaching).
  1162 | D:2      | 1162 ||| Stepping ~*~*~tactically~*~*~ (reaching).
  1163 | D:2      | 1163 ||| Stepping ~*~*~tactically~*~*~ (reaching).
  1165 | D:2      | 1165 ||| Stepping ~*~*~tactically~*~*~ (reaching).
  1166 | D:2      | 1166 ||| Stepping ~*~*~tactically~*~*~ (reaching).
  1168 | D:2      | 1168 ||| Stepping ~*~*~tactically~*~*~ (reaching).
  1169 | D:2      | 1169 ||| Stepping ~*~*~tactically~*~*~ (reaching).
  1191 | D:2      | Reached XP level 3. HP: 24/27 MP: 3/3
  1288 | D:2      | 1288 ||| Stepping ~*~*~tactically~*~*~ (outnumbered).
  1363 | D:2      | 1363 ||| STAIRDANCE
  1432 | D:1      | 1432 ||| UPGRADING to blackened jade ring.
  1433 | D:1      | 1433 ||| DRINKING 2 bubbling yellow potions.
  1463 | D:1      | 1463 ||| DROPPING potion of berserk rage.
  1467 | D:2      | 1467 ||| STAIRDANCE
  1512 | D:2      | Reached XP level 4. HP: 19/34 MP: 4/4
  1513 | D:2      | 1513 ||| STAIRDANCE
  1657 | D:2      | 1657 ||| Stepping ~*~*~tactically~*~*~ (reaching).
  1767 | D:2      | 1767 ||| Eating in order to wield vampiric weapon.
  1767 | D:2      | 1767 ||| EATING 4 rations.
  1768 | D:2      | 1768 ||| Eating in order to wield vampiric weapon.
  1768 | D:2      | 1768 ||| EATING 3 rations.
  1769 | D:2      | 1769 ||| UPGRADING to vampiric whip.
  1796 | D:2      | 1796 ||| UPGRADING to hand axe.
  1797 | D:2      | 1797 ||| DROPPING +0 vampiric whip.
  1798 | D:2      | 1798 ||| DROPPING +0 spear.
  1848 | D:2      | Found a shadowy altar of Dithmenos.
  1850 | D:2      | Found a hide-covered altar of Uskayaw.
  1924 | D:2      | 1924 ||| UPGRADING to club.
  1925 | D:2      | 1925 ||| SWAPPING to +0 hand axe.
  1967 | D:2      | 1967 ||| UPGRADING to large jade ring.
  1968 | D:2      | 1968 ||| REMOVING ring of wizardry.
  1969 | D:2      | 1969 ||| DROPPING ring of wizardry.
  1970 | D:2      | 1970 ||| READING scroll labeled ZEESINN ZOASK.
  1971 | D:2      | 1971 ||| READING scroll labeled WUCOBR OCUREU.
  1982 | D:3      | 1982 ||| STAIRDANCE
  2000 | D:3      | 2000 ||| STAIRDANCE
  2086 | D:3      | Reached skill level 1 in Axes
  2435 | D:3      | 2435 ||| STAIRDANCE
  2587 | D:2      | 2587 ||| READING scroll labeled BURHIH SAUDWEU.
  2588 | D:2      | 2588 ||| READING scroll labeled EZOQUNG QULAUTU.
  2589 | D:2      | 2589 ||| DRINKING 2 fuming clear potions.
  2590 | D:2      | 2590 ||| DROPPING potion of brilliance.
  2604 | D:3      | Reached skill level 2 in Axes
  2604 | D:3      | Reached XP level 5. HP: 20/38 MP: 5/5
  2623 | D:3      | Reached skill level 3 in Axes
  2626 | D:3      | 2626 ||| STAIRDANCE
  2841 | D:2      | 2841 ||| DROPPING +0 club.
  2842 | D:2      | 2842 ||| UPGRADING to flail.
  2843 | D:2      | 2843 ||| SWAPPING to +0 hand axe.
  3282 | D:4      | Reached skill level 4 in Axes
  3282 | D:4      | Reached XP level 6. HP: 31/45 MP: 6/6
  3517 | D:4      | HP: 10/45 [orc priest/divine providence (10)]
  3518 | D:4      | 3518 ||| READING scroll of teleportation.
  3519 | D:4      | 3519 ||| DRINKING 2 potions of heal wounds.
  3584 | D:4      | 3584 ||| DRINKING potion of curing.
  3584 | D:4      | 3584 ||| (to cure confusion)
  3816 | D:4      | Noticed Duvessa
  3816 | D:4      | Noticed Dowan
  3829 | D:4      | Killed Duvessa
  3829 | D:4      | Reached skill level 5 in Axes
  3831 | D:4      | HP: 7/45 [Dowan/stone arrow (10)]
  3832 | D:4      | 3832 ||| DRINKING potion of heal wounds.
  3834 | D:4      | 3834 ||| STAIRDANCE
  4055 | D:3      | 4055 ||| UPGRADING to tiny cabochon amulet.
  4066 | D:4      | Killed Dowan
  4066 | D:4      | Reached XP level 7. HP: 47/49 MP: 7/7
  4179 | D:4      | Found Wallim's Magic Scroll Emporium.
  4186 | D:4      | Bought a scroll of enchant armour for 75 gold pieces
  4186 | D:4      | 4186 ||| SHOPLISTING scroll of teleportation (30 gold, have
                  | 24).
  4186 | D:4      | 4186 ||| SHOPLISTING scroll of remove curse (30 gold, have
                  | 24).
  4186 | D:4      | Bought a scroll of identify for 20 gold pieces
  4186 | D:4      | 4186 ||| SHOPLISTING scroll of enchant armour (75 gold,
                  | have 4).
  4235 | D:4      | Reached skill level 6 in Axes
  4332 | D:4      | Found a staircase to the Ecumenical Temple.
  4408 | Temple   | Entered the Ecumenical Temple
  4409 | Temple   | 4409 ||| Entered T.
  4415 | Temple   | Became a worshipper of Cheibriados the Contemplative
  4416 | Temple   | 4416 ||| READING 2 scrolls of identify.
  4416 | Temple   | 4416 ||| IDENTIFYING blue potion
  4417 | Temple   | 4417 ||| DROPPING potion of flight.
  4852 | D:5      | Entered Level 5 of the Dungeon
  4856 | D:5      | 4856 ||| SWAPPING to glowing hand axe.
  4857 | D:5      | 4857 ||| DROPPING +0 hand axe.
  4957 | D:5      | Reached skill level 7 in Axes
  5180 | D:5      | 5180 ||| SWAPPING to war axe.
  5183 | D:5      | 5183 ||| DROPPING +1 hand axe of freezing.
  5222 | D:5      | Reached * piety under Cheibriados
  5299 | D:5      | Reached XP level 8. HP: 42/54 MP: 8/8
  5444 | D:5      | 5444 ||| DROPPING +0 flail.
  5445 | D:5      | 5445 ||| UPGRADING to morningstar.
  5446 | D:5      | 5446 ||| SWAPPING to +0 war axe.
  5503 | D:5      | Reached skill level 8 in Axes
  5828 | D:5      | Found a shattered altar of Ashenzari.
  5828 | D:5      | Found a blossoming altar of Fedhas.
  5850 | D:5      | Found a basalt altar of Yredelemnul.
  5967 | D:5      | 5967 ||| UPGRADING to notched onyx ring.
  5968 | D:5      | 5968 ||| REMOVING ring of stealth.
  5969 | D:5      | 5969 ||| DROPPING ring of stealth.
  5970 | D:5      | 5970 ||| DRINKING 3 fuming grey potions.
  6011 | D:5      | 6011 ||| DROPPING 2 potions of lignification.
  6387 | D:6      | Reached ** piety under Cheibriados
  6387 | D:6      | Reached skill level 9 in Axes
  6391 | D:6      | HP: 11/54 [water moccasin (4)]
  6392 | D:6      | 6392 ||| READING 3 scrolls of teleportation.
  6393 | D:6      | 6393 ||| DRINKING potion of heal wounds.
  6624 | D:6      | Found Nacaud's Jewellery Shoppe.
  6627 | D:6      | 6627 ||| SHOPLISTING ring of Inuttoff {*Slow +Fly rN++ MR+
                  | Slay+5} (1764 gold, have 92).
  6627 | D:6      | 6627 ||| SHOPLISTING ring of ice (350 gold, have 92).
  6627 | D:6      | 6627 ||| SHOPLISTING ring of see invisible (210 gold, have
                  | 92).
  6627 | D:6      | 6627 ||| SHOPLISTING +2 amulet of reflection (105 gold,
                  | have 92).
  6627 | D:6      | 6627 ||| SHOPLISTING ring of Boidwuse {rC+ Int+6} (624
                  | gold, have 92).
  6745 | D:6      | 6745 ||| DRINKING 4 grey potions.
  6746 | D:6      | 6746 ||| READING 2 scrolls of identify.
  6746 | D:6      | 6746 ||| IDENTIFYING smoky dark potion
  6844 | D:7      | Noticed Pikel
  6853 | D:7      | Killed Pikel
  6853 | D:7      | Reached skill level 6 in Fighting
  6853 | D:7      | Reached XP level 9. HP: 18/63 MP: 9/9
  7648 | D:7      | 7648 ||| UPGRADING to runed amethyst amulet.
  7650 | D:7      | 7650 ||| UPGRADING to peridot ring.
  7673 | D:8      | Noticed Joseph
  7684 | D:8      | Killed Joseph
  7813 | D:8      | Reached *** piety under Cheibriados
  7858 | D:8      | Noticed a komodo dragon
  7871 | D:8      | Killed a komodo dragon
  7871 | D:8      | Reached skill level 10 in Axes
  7943 | D:8      | Reached XP level 10. HP: 64/69 MP: 8/10
  7947 | D:8      | Reached skill level 6 in Shields
  8115 | D:8      | Noticed Prince Ribbit
  8130 | D:8      | HP: 14/69 [Prince Ribbit (11)]
  8131 | D:8      | 8131 ||| READING 2 scrolls of teleportation.
  8131 | D:8      | Killed Prince Ribbit
  8131 | D:8      | Reached skill level 6 in Dodging
  8408 | D:8      | Found a staircase to the Lair.
  8708 | D:8      | 8708 ||| UPGRADING to copper ring.
  8709 | D:8      | 8709 ||| READING scroll labeled QIVED EXAIBUL.
  8710 | D:8      | 8710 ||| READING 2 scrolls of identify.
  8710 | D:8      | 8710 ||| IDENTIFYING amethyst potion
  8711 | D:8      | 8711 ||| DROPPING potion of degeneration.
  8743 | Lair:1   | Entered Level 1 of the Lair of Beasts
  8744 | Lair:1   | 8744 ||| Entered L.
  8772 | Lair:1   | Noticed a spiny frog
  8777 | Lair:1   | Killed a spiny frog
  8816 | Lair:1   | Noticed a spiny frog
  8851 | Lair:1   | Killed a spiny frog
  8909 | Lair:1   | Reached skill level 11 in Axes
  9075 | Lair:1   | Noticed a spiny frog
  9089 | Lair:1   | Killed a spiny frog
  9314 | Lair:1   | Noticed a five-headed hydra
  9315 | Lair:1   | Noticed a wolf spider
  9321 | Lair:1   | 9321 ||| SWAPPING to +0 morningstar.
  9324 | Lair:1   | HP: 11/71 [five-headed hydra (11)]
  9324 | Lair:1   | Slain by a five-headed hydra

Vault maps used:
D:1:      minmay_arrival_jagged
D:2:      nicolae_overflow_hidden_temple, kennysheep_generic_room_13
D:3:      first_ration, grunt_decor_one_mirror, solitary_fountain
D:4:      minmay_temple_entry_hall, serial_shops, shop, uniq_duvessa
D:5:      gammafunk_temple_overflow_claw
D:6:      serial_shops, kennysheep_mini_moat
D:7:      uniq_pikel
D:8:      david_lair_shrubbed, uniq_prince_ribbit1, uniq_joseph
Temple:   nicolae_temple_no_exploring_needed
Lair:1:   minmay_lair_venomous_thicket, st_stairs_4

Skill      XL: |  1  2  3  4  5  6  7  8  9 10 |
---------------+-------------------------------+-----
Fighting       | 4 6 7 |  7.0
Axes           | 2 4 5 7 9 10 11 | 11.0
Shields        | 4 5 6 |  6.4
Dodging        | 4 5 7 |  7.1
Unarmed Combat | |  2.0

Action                   |  1- 3 |  4- 6 |  7- 9 | 10-12 || total
-------------------------+-------+-------+-------+-------++-------
Melee: Spear             |    71 |     5 |       |       ||    76
       Tentacles         |     6 |    34 |    63 |    29 ||   132
       Constrict         |    11 |    34 |    55 |    11 ||   111
       Hand axe          |       |    98 |    73 |       ||   171
       Punch             |       |     3 |     3 |     4 ||    10
       War axe           |       |       |   151 |    60 ||   211
       Morningstar       |       |       |       |     3 ||     3
  Use: Scroll            |     4 |     5 |     3 |     3 ||    15
       Potion            |     3 |     4 |     3 |       ||    10
 Stab: Sleeping          |     1 |       |       |       ||     1
  Eat: Chunk             |     2 |     6 |     7 |     2 ||    17
       Ration            |       |     2 |       |       ||     2
Armor: Skin              |     1 |     6 |     4 |     2 ||    13
Dodge: Dodged            |    13 |    57 |    88 |    21 ||   179
Block: Shield            |    16 |    46 |    73 |    20 ||   155

Table legend:
 A = Non-vault XP
 B = Vault XP
 C = Vault XP percentage of total XP
 D = Non-vault monster count
 E = Vault monster count
 F = Vault count percentage of total count
                 A         B        C        D         E       F
            +---------+---------+-------+---------+---------+-------
      Total |    4616 |    2863 |  38.3 |     157 |       9 |   5.4
            +---------+---------+-------+---------+---------+-------
        D:1 |      39 |       0 |   0.0 |      16 |       0 |   0.0
        D:2 |      70 |       0 |   0.0 |      13 |       0 |   0.0
        D:3 |     142 |       0 |   0.0 |      22 |       0 |   0.0
        D:4 |     386 |     234 |  37.7 |      23 |       2 |   8.0
        D:5 |     685 |       0 |   0.0 |      32 |       0 |   0.0
        D:6 |     637 |       0 |   0.0 |      18 |       0 |   0.0
        D:7 |     467 |     641 |  57.9 |      12 |       1 |   7.7
        D:8 |     750 |    1138 |  60.3 |      16 |       3 |  15.8
     Lair:1 |    1440 |     850 |  37.1 |       5 |       3 |  37.5
            +---------+---------+-------+---------+---------+-------
